 Seeded DCSS version 0.31-a0-1549-g5ff9445e89 (webtiles) character file.

Game seed: 4261238882640800725 (custom seed)

1218 innerfire43 the Unbeliever (level 8, -4/63 HPs)
             Began as a Demonspawn Monk on Jan 2, 2024.
             Killed by divine providence
             ... invoked by an orc priest
              (9 damage)
             ... on level 5 of the Dungeon.
             The game lasted 00:08:26 (3773 turns).

innerfire43 the Unbeliever (Demonspawn Monk)        Turns: 3773, Time: 00:08:27

Health: -4/63      AC: 12    Str: 13    XL:     8   Next: 22%
Magic:  0/12       EV:  9    Int: 11    God:
Gold:   214        SH: 21    Dex: 19    Spells: 7/7 levels left

rFire   . . .        q - +2 hand axe (heavy)
rCold   . . .        u - +3 tower shield
rNeg    . . .        e - +2 leather armour {rPois}
rPois   +            c - +2 helmet
rElec   .            (no cloak)
rCorr   .            h - +2 pair of gloves {Dex+3}
SInv    .            o - +0 pair of boots
Will    .....        l - amulet of regeneration
Stlth   +            (no ring)
HPRegen 1.10/turn    (no ring)
MPRegen 0.26/turn

%: guardian spirit
@: no status effects
A: claws 2, magic shield, magic regeneration, condensation shield
a: no special abilities


You were on level 5 of the Dungeon.
You visited 1 branch of the dungeon, and saw 5 of its levels.

You collected 214 gold pieces.

Inventory:

Hand Weapons
 i - a +3 dagger
 k - a +2 heavy hand axe
 q - a +2 heavy hand axe (weapon)
Armour
 c - a +2 helmet (worn)
 d - an orb of light
 e - a +2 leather armour of poison resistance (worn)
 g - a +2 hat
 h - a +2 pair of gloves of dexterity (worn)
 o - a +0 pair of boots (worn)
 u - a +3 tower shield (worn)
Jewellery
 l - an amulet of regeneration (around neck)
Wands
 f - a wand of flame (15)
Scrolls
 b - a scroll of amnesia
 p - 3 scrolls of teleportation
Potions
 a - a potion of degeneration {unknown}
 j - 2 potions of enlightenment
 m - a potion of curing
 n - 2 potions of attraction
 r - a potion of might {unknown}
 s - a potion of berserk rage


   Skills:
 + Level 5.5 Fighting
 + Level 5.0 Axes
 - Level 4.1 Dodging
 * Level 3.8 Shields
 + Level 5.9 Invocations


You had 7 spell levels left.
You didn't know any spells.
Your spell library contained the following spells:

 Spells                   Type           Power      Damage    Failure   Level
 Ensorcelled Hibernation  Hex/Ice        0%         N/A       100%        2
 Passwall                 Erth           0%         N/A       100%        3
 Swiftness                Air            0%         N/A       100%        3


Dungeon Overview and Level Annotations

Branches:
Dungeon (5/15)
 Temple: D:4-7

Altars:
Okawaru


Innate Abilities, Weirdness & Mutations

You have very sharp fingernails.
When hurt, damage is shared between your health and your magic reserves.
You regenerate magic rapidly.
A meltable shield of frost defends you. (SH +4)


Message History

Unknown command.
You are too injured to fight recklessly!
There are monsters nearby!
Unknown command.
You are too injured to fight recklessly!
You slash the orc!
You kill the orc!
You hit the orc priest but do no damage.
You barely miss the orc priest. You completely miss the orc priest.
You block the orc priest's attack. x4
The orc priest hits you with a +0 hand axe.
* * * LOW HITPOINT WARNING * * *
The orc priest hits you but does no damage.
You hit the orc priest.
The orc priest is severely wounded.
You hit the orc priest. x2; You block the orc priest's attack.
The orc priest closely misses you.
The orc priest invokes the aid of Beogh against you.
Pain shoots through your body!
* * * LOW HITPOINT WARNING * * *
The orc priest miscasts a cantrip.
The orc priest closely misses you. You block the orc priest's attack.
You slash the orc priest!
You kill the orc priest!
You hit the orc priest. x2
The orc priest hits you but does no damage.
You block the orc priest's attack. The orc priest barely misses you.
You block the orc priest's attack.
Unknown command.
You barely miss the orc priest.
The orc priest is almost dead.
You completely miss the orc priest.
The orc priest hits you but does no damage.
You block the orc priest's attack.
The orc priest invokes the aid of Beogh against you.
Beogh smites you!
* * * LOW HITPOINT WARNING * * *
The orc priest calls down the wrath of Beogh upon you.
Beogh smites you!
You die...

#####................
###...............
#................#
###...............
#...##...........
##............... ###
#.........
###.#!o##...###...
#....!o@.#...# .
##....)))........
#........##.....
#......##.#......
#....### ........
####. ........ ##
#.#... ##


You could see 2 orc priests.

Vanquished Creatures
  Sigmund (D:3)
  Eustachio (D:4)
  Duvessa (D:4)
  2 ogres
  Blork the orc (D:4)
  Dowan (D:4)
  A hound (D:5)
  4 orc priests
  A jelly (D:5)
  Jessica (D:2)
  3 iguanas
  3 orc wizards
  Robin (D:2)
  5 adders
  A dart slug (D:4)
  A ribbon worm (D:3)
  19 orcs
  5 endoplasms
  5 giant cockroaches
  11 goblins
  8 hobgoblins
  2 jackals (D:3)
  6 quokkas
  2 ball pythons
  5 bats
  A frilled lizard (D:3)
  6 kobolds
  4 rats
102 creatures vanquished.

Notes
Turn   | Place    | Note
-------+----------+-------------------------------------------
     0 | D:1      | innerfire43 the Demonspawn Monk began the quest for the
                  | Orb.
     0 | D:1      | Reached XP level 1. HP: 18/18 MP: 1/1
     3 | D:1      | Noticed an electric eel
     4 | D:1      | Noticed an electric eel
   176 | D:1      | Found a faded altar of an unknown god.
   306 | D:1      | Gained mutation: You have sharp fingernails. [demonic
                  | ancestry]
   306 | D:1      | Reached XP level 2. HP: 24/24 MP: 2/2
   311 | D:1      | Reached skill level 1 in Invocations
   592 | D:2      | Noticed Robin
   617 | D:2      | Reached XP level 3. HP: 29/29 MP: 4/4
   636 | D:2      | Killed Robin
   642 | D:2      | Identified a scroll of acquirement
   642 | D:2      | Acquired a +2 pair of gloves of dexterity
   989 | D:2      | Noticed Jessica
  1004 | D:2      | Killed Jessica
  1005 | D:2      | Reached XP level 4. HP: 26/36 MP: 5/5
  1550 | D:3      | Gained mutation: You regenerate magic rapidly. [demonic
                  | ancestry]
  1550 | D:3      | Reached XP level 5. HP: 31/42 MP: 7/7
  1790 | D:3      | Noticed Sigmund
  1798 | D:3      | Killed Sigmund
  1799 | D:3      | Gained mutation: A meltable shield of frost defends you.
                  | (SH +4) [demonic ancestry]
  1799 | D:3      | Reached XP level 6. HP: 40/49 MP: 7/9
  2675 | D:4      | Noticed Eustachio
  2725 | D:4      | Killed Eustachio
  2726 | D:4      | Reached skill level 1 in Shields
  2726 | D:4      | Gained mutation: When hurt, damage is shared between your
                  | health and your magic reserves. [demonic ancestry]
  2726 | D:4      | Reached XP level 7. HP: 37/55 MP: 10/10
  3072 | D:4      | Reached skill level 5 in Fighting
  3072 | D:4      | Reached skill level 5 in Invocations
  3319 | D:4      | Noticed Blork the orc
  3329 | D:4      | Killed Blork the orc
  3392 | D:4      | Noticed Duvessa
  3392 | D:4      | Noticed Dowan
  3408 | D:4      | Killed Duvessa
  3414 | D:4      | Killed Dowan
  3586 | D:5      | Entered Level 5 of the Dungeon
  3643 | D:5      | Gained mutation: You have very sharp fingernails. [demonic
                  | ancestry]
  3643 | D:5      | Reached XP level 8. HP: 62/62 MP: 12/12
  3706 | D:5      | Reached skill level 5 in Axes
  3731 | D:5      | Found an iron altar of Okawaru.
  3773 | D:5      | Killed from afar by an orc priest

Illustrated notes

Levels and vault maps discovered:
D:1:      arrival_aquarium_b, layout_rooms, shapermc_ecumenical_altar_notcrosses
D:2:      layout_loops_cross, minmay_statues_item, uniq_jessica, uniq_robin
D:3:      layout_loops_ring, nicolae_figureground_pulse, uniq_sigmund
D:4:      layout_loops_ring, portal_sewer_entry_f, uniq_blork_the_orc,
          uniq_eustachio, uniq_duvessa
D:5:      layout_cave_pools, lemuel_round_altar, kennysheep_generic_room_15

Skill      XL: |  1  2  3  4  5  6  7  8 |
---------------+-------------------------+-----
Invocations    | 1 2 3 4 5 |  5.9
Axes           | 3 4 5 |  5.0
Dodging        | 3 4 |  4.1
Fighting       | 4 5 |  5.5
Shields        | 1 3 |  3.8

Action                     |  1- 3 |  4- 6 |  7- 9 || total
---------------------------+-------+-------+-------++-------
  Melee: Hand axe          |    94 |   139 |   110 ||   343
    Use: Potion            |     1 |       |       ||     1
         Scroll            |     1 |    14 |       ||    15
   Stab: Sleeping          |       |     1 |       ||     1
 Armour: Robe              |    63 |    96 |       ||   159
         Leather armour    |       |       |    65 ||    65
  Dodge: Dodged            |    66 |   130 |    33 ||   229
  Block: Tower shield      |       |    86 |   166 ||   252

Table legend: (Time is in decaauts)
 A = Elapsed time spent in this place.
 B = Non-inter-level travel time spent in this place.
 C = Inter-level travel time spent in this place.
 D = Time resting spent in this place.
 E = Time spent auto-exploring this place.
 F = Levels seen in this place.
 G = Mean time per level.
                   A        B        C        D        E       F      G
               +--------+--------+--------+--------+--------+-----+--------+
         Total |   3993 |   3891 |    102 |      0 |   2759 |   5 |  798.6 |
       Dungeon |   3993 |   3891 |    102 |      0 |   2759 |   5 |  798.6 |
               +--------+--------+--------+--------+--------+-----+--------+

Top non-repeatable levels by time:
     D:4: 1168 daAuts
     D:3: 1106 daAuts
     D:2: 917 daAuts
     D:1: 581 daAuts
     D:5: 219 daAuts
